 Dungeon Crawl Stone Soup version 0.27.1-33-g824d729ab1 (webtiles) character file.

Game seed: 8104960205832062903

168 sking99 the Shield-Bearer (level 5, 0/47 HPs)
             Began as a Minotaur Fighter on Dec 10, 2021.
             Was a Priest of Elyvilon.
             Slain by a wraith (4 damage)
             ... on level 6 of the Dungeon.
             The game lasted 00:03:50 (2481 turns).

sking99 the Shield-Bearer (Minotaur Fighter)        Turns: 2481, Time: 00:03:51

Health: 0/47       AC: 11    Str: 20    XL:     5   Next: 24%
Magic:  2/5        EV:  7    Int:  5    God:    Elyvilon [***...]
Gold:   109        SH:  9    Dex: 11    Spells: 4/4 levels left

rFire    . . .     SeeInvis .   a - +0 war axe
rCold    . . .     Faith    .   c - +0 kite shield
rNeg     . . .     Spirit   .   b - +0 scale mail
rPois    .         Reflect  .   (helmet restricted)
rElec    .         Harm     .   (no cloak)
rCorr    .         Rampage  .   (no gloves)
Will     .....                  (no boots)
Stlth    ..........             (no amulet)
HPRegen  0.15/turn              e - +4 ring of protection
MPRegen  0.09/turn              (no ring)

@: slowed, very slow
A: horns 2, retaliatory headbutt
a: Renounce Religion, Lesser Healing, Heal Other, Purification, Divine
Protection


You were on level 6 of the Dungeon.
You worshipped Elyvilon.
Elyvilon was most pleased with you.
You visited 1 branch of the dungeon, and saw 4 of its levels.

You collected 109 gold pieces.

Inventory:

Hand Weapons
 a - a +0 war axe (weapon)
Armour
 b - a +0 scale mail (worn)
 c - a +0 kite shield (worn)
Jewellery
 e - a +4 ring of protection (left hand)
Scrolls
 g - a scroll of noise {unknown}
 h - 2 scrolls of identify {unknown}
 i - 3 scrolls of enchant armour {unknown}
 j - a scroll of magic mapping {unknown}
 k - a scroll of fear {unknown}
Potions
 d - a potion of might
 f - a potion of brilliance {unknown}


   Skills:
 + Level 4.4 Fighting
 * Level 4.3 Axes
 + Level 4.4 Armour
 + Level 4.5 Shields
 + Level 1.3 Invocations


You had 4 spell levels left.
You didn't know any spells.
Your spell library was empty.

Dungeon Overview and Level Annotations

Branches:
Dungeon (3/15)             Temple (0/1) D:6

Altars:
Elyvilon


Innate Abilities, Weirdness & Mutations

You have a pair of horns on your head.
You reflexively headbutt those who attack you in melee.


Message History

The wraith drains your vigour!
You feel as though you will be slow longer.
You are healed.
The wraith barely misses you. The wraith hits you.
* * * LOW HITPOINT WARNING * * *
You hit the wraith but do no damage. Your headbutt misses the wraith.
The wraith is moderately damaged.
The wraith hits you.
* * * LOW HITPOINT WARNING * * *
The wraith drains your vigour!
You feel as though you will be slow longer.
You block the wraith's attack.
You closely miss the wraith. Your headbutt misses the wraith.
The wraith is moderately damaged.
The wraith hits you.
* * * LOW HITPOINT WARNING * * *
The wraith hits you.
* * * LOW HITPOINT WARNING * * *
The wraith drains your vigour!
You feel as though you will be slow longer.
You are healed.
You block the wraith's attack. x2
You are healed.
You block the wraith's attack.
You are healed.
You block the wraith's attack. The wraith hits you.
The wraith drains your vigour!
You feel as though you will be slow longer.
You hit the wraith but do no damage. Your headbutt misses the wraith.
The wraith is moderately damaged.
The wraith hits you but does no damage. The wraith hits you!
The wraith drains your vigour!
You feel as though you will be slow longer.
You completely miss the wraith.
You headbutt the wraith, but do no damage.
The wraith is moderately damaged.
The wraith hits you.
* * * LOW HITPOINT WARNING * * *
The wraith hits you!
* * * LOW HITPOINT WARNING * * *
The wraith drains your vigour!
You feel as though you will be slow longer.
The wraith hits you.
You die...

#.... ##....# .....'
#...# #...# #...##
#....#######.
#.......(....
##..@W.####..
#..>.....#
###########P...(...#
####............P.....#
...#...............####
...#...........#.#.#
...............#...#
...............##..#
...............+ ..#


You could see a wraith.

Vanquished Creatures
  A water moccasin skeleton (D:6)
  A hound (D:6)
  2 adders (D:2)
  A dart slug (D:1)
  5 orcs (D:3)
  7 ball pythons
  10 endoplasms
  2 giant cockroaches
  4 hobgoblins
  10 jackals
  2 quokkas (D:3)
  3 bats
  A frilled lizard (D:1)
  2 goblins (D:1)
  6 kobolds
  5 rats
62 creatures vanquished.

Notes
Turn   | Place    | Note
-------+----------+-------------------------------------------
     0 | D:1      | sking99 the Minotaur Fighter began the quest for the Orb.
     0 | D:1      | Reached XP level 1. HP: 19/19 MP: 0/0
    98 | D:1      | Reached XP level 2. HP: 21/27 MP: 1/1
   164 | D:1      | Found a faded altar of an unknown god.
   207 | D:1      | Became a worshipper of Elyvilon the Healer
   207 | D:1      | Reached * piety under Elyvilon
   463 | D:1      | Reached XP level 3. HP: 33/33 MP: 2/2
  1044 | D:2      | Reached ** piety under Elyvilon
  1483 | D:2      | Reached XP level 4. HP: 40/40 MP: 3/3
  1931 | D:3      | Reached *** piety under Elyvilon
  1958 | D:3      | Reached skill level 1 in Invocations
  2373 | D:3      | You fall into a shaft and drop 3 floors!
  2384 | D:6      | Reached XP level 5. HP: 38/47 MP: 3/5
  2452 | D:6      | Found a staircase to the Ecumenical Temple.
  2460 | D:6      | Noticed a wraith
  2481 | D:6      | Slain by a wraith

Illustrated notes

Levels and vault maps discovered:
D:1:      zaba_arrival_water, layout_basic, basic_ecumenical_altar
D:2:      layout_basic
D:3:      layout_basic
D:6:      layout_basic, minmay_temple_entry_overgrown, nicolae_elemental_shop,
          nrook_pool_corridor, uniq_crazy_yiuf_cottage

Skill      XL: |  1  2  3  4 |
---------------+-------------+-----
Axes           | 3 4 |  4.3
Armour         | 4 |  4.4
Shields        | 4 |  4.5
Fighting       | 4 |  4.4
Invocations    | 1 |  1.3

Action                   |  1- 3 |  4- 6 || total
-------------------------+-------+-------++-------
Melee: War axe           |   108 |    60 ||   168
       Headbutt          |    12 |     8 ||    20
Invok: Lesser Healing    |       |     4 ||     4
Armor: Scale mail        |    57 |    31 ||    88
Dodge: Dodged            |    45 |    22 ||    67
Block: Kite shield       |    62 |    36 ||    98
